 Dungeon Crawl Stone Soup version 0.24-a0-217-g1152973 (console) character file.

Game seed: 17861404786633800578

680 bli the Insei (level 7, -8/45 HPs)
             Began as an Octopode Transmuter on Mar 29, 2019.
             Mangled by Duvessa
             ... wielding a +0 short sword
              (12 damage)
             ... on level 4 of the Dungeon.
             The game lasted 00:15:36 (3934 turns).

bli the Insei (Octopode Transmuter)                 Turns: 3934, Time: 00:15:36

Health: -8/45      AC:  4    Str: 11    XL:     7   Next: 60%
Magic:  6/10       EV: 14    Int: 15    God:
Gold:   414        SH:  0    Dex: 13    Spells: 5/11 levels left

rFire    . . .     SeeInvis .     - Unarmed
rCold    . . .     Gourm    .   (no shield)
rNeg     . . .     Faith    .   (helmet restricted)
rPois    .         Spirit   .   (no amulet)
rElec    .         Reflect  .   z - +3 ring of protection
rCorr    .         Harm     .   (no ring)
MR       .....                  (no ring)
Stlth    ++++......             (no ring)
HPRegen  0.15/turn              (no ring)
MPRegen  0.12/turn              (no ring)
                                (no ring)
                                (no ring)

@: appendage
A: almost no armour, stealthy swim, amphibious, 8 rings, constrict 8, tentacle
spike 3, camouflage 1, gelatinous body 1
a: End Transformation


You were on level 4 of the Dungeon.
You were not hungry.
One of your tentacles had a temporary spike.
You visited 1 branch of the dungeon, and saw 4 of its levels.
You also visited: Ossuary.

You collected 414 gold pieces.

Inventory:

Hand Weapons
 b - a +0 blowgun
 q - a +1 vampiric dagger
 u - a +2 dagger of holy wrath
Missiles
 a - 44 arrows
 i - 162 stones (quivered)
 m - 77 sling bullets
 n - 4 needles of confusion
 r - 2 javelins
 t - 7 curare-tipped needles
 w - 22 poisoned needles
Armour
 g - a +0 shield
Magical Staves
 s - an uncursed staff of cold
Jewellery
 z - a +3 ring of protection (left tentacle)
Wands
 y - a wand of flame (21)
Scrolls
 d - 5 scrolls of identify {unknown}
 e - 5 scrolls of teleportation {unknown}
 f - a scroll of remove curse {unknown}
 h - a scroll of immolation {unknown}
 k - a scroll of noise {unknown}
 o - 3 scrolls of amnesia {unknown}
 p - a scroll of fear {unknown}
 v - 3 scrolls of fog {unknown}
 B - a scroll of magic mapping {unknown}
 H - a scroll of vulnerability {unknown}
 K - a scroll of enchant weapon {unknown}
Potions
 j - 3 potions of might
 l - 2 potions of berserk rage {unknown}
 x - 2 potions of flight {unknown}
 A - 2 potions of curing
 C - a potion of heal wounds
 D - 2 potions of degeneration {unknown}
 E - a potion of haste {unknown}
 F - 2 potions of magic {unknown}
 G - a potion of agility {unknown}
 I - 3 potions of lignification
Comestibles
 c - 13 rations


   Skills:
 + Level 2.1 Fighting
 + Level 3.6 Dodging
 + Level 4.0 Stealth
 + Level 6.4 Unarmed Combat
 + Level 2.5 Spellcasting
 * Level 2.9 Transmutations


You had 5 spell levels left.
You knew the following spells:

 Your Spells              Type           Power        Failure   Level  Hunger
a - Beastly Appendage     Tmut           ##....       6%          1    #......
s - Spider Form           Tmut/Pois      #.........   34%         3    ###....
S - Sticks to Snakes      Tmut           ##......     10%         2    ###....

Your spell library contained the following spells:

 Spells                   Type           Power        Failure   Level  Hunger
 Ice Form                 Ice/Tmut       #.......     75%         4    #####..
 Blade Hands              Tmut           ##........   86%         5    ######.


Dungeon Overview and Level Annotations

Branches:
Dungeon (4/15)
 Temple: D:4-7

Altars:

Annotations:
D:4 Dowan, Duvessa


Innate Abilities, Weirdness & Mutations

You cannot wear most types of armour.
You are very stealthy in the water. (Stealth+)
You are amphibious.
You can wear up to eight rings at the same time.
You can use your tentacles to constrict eight enemies at once.
Your skin changes colour to match your surroundings (Stealth+).
Your rubbery body absorbs attacks. (AC +1, EV +1)
One of your tentacles bears a large vicious spike.


Message History

Dowan gestures at you while chanting. The puff of flame hits you!
Duvessa hits you with a +0 short sword.
* * * LOW HITPOINT WARNING * * *
You release your grip on Dowan.
Dowan barely misses your ball python. Duvessa barely misses your ball python.
All of the chunks of flesh in your inventory have rotted away.
Your ball python closely misses Duvessa. x2
Dowan hits your ball python with a +0 dagger.
Your ball python dies!
Casting: Beastly Appendage (safe; 6% risk of failure)
Confirm with . or Enter, or press ? or * to list all spells.
You create a snake!
You now have 44 arrows.
Duvessa hits you with a +0 short sword!
* * * LOW HITPOINT WARNING * * *
You bludgeon Duvessa! You grab Duvessa.
You pierce Duvessa, but do no damage.
Duvessa is moderately wounded.
You constrict Duvessa, but do no damage.
Duvessa escapes!
Your adder barely misses Dowan.
You closely miss Dowan. You grab Dowan.
You pierce Dowan.
Dowan is moderately wounded.
You constrict Dowan. Duvessa hits you with a +0 short sword!
You die...

#### ##... #.S#
##e# #@e# #..# .
#..# .. #..#
#.#+#p #..##
#.....##
#...######........
#.#............#..
#...#.............
###...............
###.............
#..........#..


You could see Duvessa, Dowan and a friendly adder.

Vanquished Creatures
  Grinder (D:4)
  2 orc priests (D:3)
  Natasha (D:4)
  An orc wizard (D:4)
  A worker ant (D:4)
  3 hound skeletons (D:4)
  9 mummies
  4 gnolls (D:2)
  6 adders
  An ooze (D:3)
  An adder skeleton (D:4)
  3 leopard geckos
  6 orcs
  5 bats
  3 giant cockroaches
  A gnoll zombie (Ossuary)
  11 goblins
  8 hobgoblins
  4 jackals (D:2)
  2 quokkas (D:2)
  5 frilled lizards
  A giant cockroach zombie (D:4)
  A goblin zombie (D:4)
  4 hobgoblin zombies (Ossuary)
  A jackal zombie (D:4)
  12 kobolds
  A kobold zombie (Ossuary)
  A leopard gecko zombie (D:4)
  2 orc zombies (Ossuary)
  9 rats
110 creatures vanquished.

Vanquished Creatures (collateral kills)
  An adder (D:3)
  2 orcs (D:3)
  A kobold (D:3)
4 creatures vanquished.

Grand Total: 114 creatures vanquished

Notes
Turn   | Place    | Note
-------+----------+-------------------------------------------
     0 | D:1      | bli the Octopode Transmuter began the quest for the Orb.
     0 | D:1      | Reached XP level 1. HP: 13/13 MP: 3/3
    84 | D:1      | Reached XP level 2. HP: 15/18 MP: 5/5
   475 | D:1      | Learned a level 2 spell: Sticks to Snakes
   494 | D:2      | Reached XP level 3. HP: 4/23 MP: 4/6
   685 | D:2      | Reached skill level 4 in Unarmed Combat
   738 | D:2      | Reached XP level 4. HP: 6/28 MP: 5/7
  1095 | D:2      | Reached skill level 1 in Stealth
  1365 | D:2      | Reached XP level 5. HP: 16/33 MP: 6/8
  1381 | D:2      | Reached skill level 5 in Unarmed Combat
  1396 | D:2      | Learned a level 3 spell: Spider Form
  2190 | D:3      | Reached XP level 6. HP: 8/38 MP: 6/9
  3100 | D:4      | Found a sand-covered staircase.
  3109 | Ossuary  | Entered an ossuary
  3626 | D:4      | Noticed Natasha
  3636 | D:4      | Killed Natasha
  3636 | D:4      | Reached XP level 7. HP: 41/45 MP: 8/10
  3730 | D:4      | Reached skill level 6 in Unarmed Combat
  3791 | D:4      | Noticed Grinder
  3800 | D:4      | Killed Grinder
  3837 | D:4      | Noticed Duvessa
  3924 | D:4      | Noticed Dowan
  3934 | D:4      | Mangled by Duvessa

Levels and vault maps discovered:
D:1:      wander_arrival_abandoned_jail, layout_basic, minmay_cupped
D:2:      layout_loops_cross, first_ration, serial_bayou, serial_bayou_ford_a,
          serial_bayou_lagoon_a, serial_bayou_lagoon_b, serial_bayou_pond_e,
          grunt_ministairs_1, eino_curves_04, minmay_split_cup_large
D:3:      layout_loops_ring, hangedman_decor_growths
D:4:      layout_basic, nicolae_ossuary_entry_giza, serial_undead,
          serial_undead_d, serial_undead_b, serial_undead_c, serial_undead_d,
          minmay_misc_feat_four_crosses, chei_slow_surprise, uniq_natasha,
          uniq_pikel, uniq_duvessa, uniq_grinder
Ossuary:  ossuary_tomb_3

Skill      XL: |  1  2  3  4  5  6  7 |
---------------+----------------------+-----
Unarmed Combat | 4 5 6 |  6.4
Stealth        | 1 2 3 4 |  4.0
Dodging        | 3 |  3.6
Fighting       | 2 |  2.1
Spellcasting   | |  2.5
Transmutations | |  2.9

Action                   |  1- 3 |  4- 6 |  7- 9 || total
-------------------------+-------+-------+-------++-------
Melee: Unarmed           |    62 |   168 |    35 ||   265
       Constrict         |    20 |    50 |     9 ||    79
       Tentacles         |    11 |    35 |     7 ||    53
       Kick              |     2 |    20 |     8 ||    30
       Punch             |     2 |     2 |     1 ||     5
 Cast: Beastly Appendage |     7 |    20 |     6 ||    33
       Sticks to Snakes  |       |     2 |     3 ||     5
  Use: Potion            |     2 |     3 |       ||     5
 Stab: Sleeping          |     2 |    12 |     2 ||    16
       Distracted        |       |     2 |       ||     2
  Eat: Chunk             |       |     6 |     1 ||     7
       Ration            |       |     1 |       ||     1
Armor: Skin              |     4 |    12 |     1 ||    17
Dodge: Dodged            |    40 |   101 |    10 ||   151

Table legend:
 A = Non-vault XP
 B = Vault XP
 C = Vault XP percentage of total XP
 D = Non-vault monster count
 E = Vault monster count
 F = Vault count percentage of total count
                 A         B        C        D         E       F
            +---------+---------+-------+---------+---------+-------
      Total |     377 |     595 |  61.2 |      76 |      38 |  33.3
            +---------+---------+-------+---------+---------+-------
        D:1 |      20 |       9 |  31.0 |      13 |       6 |  31.6
        D:2 |     128 |      47 |  26.9 |      32 |       6 |  15.8
        D:3 |     137 |       0 |   0.0 |      21 |       0 |   0.0
        D:4 |      92 |     383 |  80.6 |      10 |      10 |  50.0
    Ossuary |       0 |     156 | 100.0 |       0 |      16 | 100.0
            +---------+---------+-------+---------+---------+-------
